 Dungeon Crawl Stone Soup version 0.23-a0-80-gc95c2c7 (webtiles) character file.

43 Requin the Chopper (level 3, -8/31 HPs)
             Began as a Hill Orc Fighter on June 12, 2018.
             Killed from afar by Natasha (10 damage)
             ... with a magic dart
             ... on level 2 of the Dungeon on Aug 12, 2018.
             The game lasted 00:09:36 (1143 turns).

Requin the Chopper (Hill Orc Fighter)               Turns: 1143, Time: 00:09:37

Health: -8/31      AC:  8    Str: 19    XL:     3   Next: 58%
Magic:  3/3        EV:  7    Int:  8    God:
Gold:   124        SH:  9    Dex: 10    Spells: 2/2 levels left

rFire    . . .     SeeInvis .   a - +0 war axe
rCold    . . .     Gourm    .   c - +0 shield
rNeg     . . .     Faith    .   b - +0 scale mail
rPois    .         Spirit   .   h - +0 helmet
rElec    .         Reflect  .   (no cloak)
rCorr    .         Harm     .   (no gloves)
MR       .....                  (no boots)
Stlth    ..........             (no amulet)
HPRegen  0.10/turn              (no ring)
MPRegen  0.08/turn              (no ring)

@: no status effects
A: no striking features
a: no special abilities


You were on level 2 of the Dungeon.
You were not hungry.

You visited 1 branch of the dungeon, and saw 2 of its levels.

You collected 124 gold pieces.

Inventory:

Hand Weapons
 a - a +0 war axe (weapon)
Missiles
 i - 53 stones (quivered)
 j - 6 tomahawks
Armour
 b - a +0 scale mail (worn)
 c - a +0 shield (worn)
 h - a +0 helmet (worn)
Scrolls
 e - 2 scrolls of identify {unknown}
 k - a scroll of random uselessness {unknown}
 l - a scroll of remove curse {unknown}
Potions
 d - a potion of might
 m - a potion of degeneration {unknown}
Comestibles
 f - 3 rations


   Skills:
 - Level 3.6 Fighting
 * Level 4.5 Axes
 - Level 3.2 Armour
 + Level 3.9 Shields


You had 2 spell levels left.
You didn't know any spells.
Your spell library was empty.

Dungeon Overview and Level Annotations

Branches:
Dungeon (2/15)

Altars:

Annotations:
D:2 Natasha, Sigmund


Message History

You are too injured to fight recklessly!
You are too injured to fight recklessly!
You are too injured to fight recklessly!
Press: ? - help, v - describe, . - travel
Here: Natasha (moderately wounded, unusually strong)
The floor.
Your shield and scale mail prevent you from hitting Natasha.
Natasha is moderately wounded.
You block Natasha's attack.
You closely miss Natasha.
Natasha is moderately wounded.
Natasha claws you but does no damage. Natasha claws you!
* * * LOW HITPOINT WARNING * * *
Unknown command.
Unknown command.
Unknown command.
Unknown command.
Natasha casts a spell at you. The magic dart hits you!
You die...

#..........# #.
##.....####.# #.
.......#...###.....#
#.
.......#...###.#####
#.
.......#.........#
#.
....%..#....##.#.#
##
.......#...$##.#.# #
.......#....##.#.#
......h.@........#
.................#
...
.................#
###
.................#
######...........#
#...........#
#...........
#..........
#.........


You could see Natasha.

Vanquished Creatures
  An ooze (D:1)
  3 dart slugs (D:1)
  4 bats
  A giant cockroach (D:2)
  7 goblins
  7 hobgoblins
  A kobold (D:1)
  7 rats
31 creatures vanquished.

Notes
Turn   | Place    | Note
-------+----------+-------------------------------------------
     0 | D:1      | Requin the Hill Orc Fighter began the quest for the Orb.
     0 | D:1      | Reached XP level 1. HP: 19/19 MP: 1/1
    16 | D:1      | Upgraded the game from 0.22-a0-469-gf26638a to 0.23-a0-80-gc95c2c7
    51 | D:1      | Reached skill level 3 in Axes
   154 | D:1      | Reached XP level 2. HP: 26/26 MP: 2/2
   392 | D:1      | Reached skill level 4 in Axes
   401 | D:1      | Reached XP level 3. HP: 31/31 MP: 3/3
   876 | D:2      | Noticed Sigmund
  1132 | D:2      | Noticed Natasha
  1143 | D:2      | Killed from afar by Natasha

Vault maps used:
D:1:      dpeg_arrival_tiny_k
D:2:      cheibrodos_greedy_goblins, first_ration, makhleb_altar_promises_db,
          uniq_sigmund, uniq_natasha

Skill      XL: |  1  2 |
---------------+-------+-----
Axes           | 3 4 |  4.5
Fighting       | |  3.6
Armour         | |  3.2
Shields        | |  3.9

Action                   || total
-------------------------++-------
Melee: War axe           ||    86
Throw: Stone             ||     2
  Eat: Chunk             ||     1
Armor: Scale mail        ||    44
Dodge: Dodged            ||    21
Block: Shield            ||    47

Table legend:
 A = Non-vault XP
 B = Vault XP
 C = Vault XP percentage of total XP
 D = Non-vault monster count
 E = Vault monster count
 F = Vault count percentage of total count
 G = Total turns spent on level
                 A         B        C        D         E       F
            +---------+---------+-------+---------+---------+-------
      Total |      51 |      11 |  17.7 |      25 |       6 |  19.4
            +---------+---------+-------+---------+---------+-------
        D:1 |      41 |       0 |   0.0 |      19 |       0 |   0.0
        D:2 |      10 |      11 |  52.4 |       6 |       6 |  50.0
            +---------+---------+-------+---------+---------+-------
